 Dungeon Crawl Stone Soup version 0.24.1-14-gf8d2b509d9 (webtiles) character file.

Game seed: 14937843630904201991, levelgen mode: deterministic

25 Descartes the Sneak (level 2, 0/11 HPs)
             Began as a Felid Enchanter on May 20, 2020.
             Slain by an adder (5 damage)
             ... on level 2 of the Dungeon.
             The game lasted 00:02:09 (1421 turns).

Descartes the Sneak (Felid Enchanter)               Turns: 1421, Time: 00:02:09

Health: 0/11       AC:  1    Str:  4    XL:     2   Next: 86%
Magic:  6/6        EV: 18    Int: 16    God:
Gold:   59         SH:  0    Dex: 16    Spells: 4/5 levels left
                                        Lives:  0   Deaths: 0

rFire    . . .     SeeInvis +     - Unarmed
rCold    . . .     Gourm    .   (shield unavailable)
rNeg     . . .     Faith    .   (armour unavailable)
rPois    .         Spirit   .   (helmet unavailable)
rElec    .         Reflect  .   (cloak unavailable)
rCorr    .         Harm     .   (gloves unavailable)
MR       .....                  (boots unavailable)
Stlth    +++.......             (no amulet)
HPRegen  0.03/turn              (no ring)
MPRegen  0.10/turn              (no ring)

@: quick
A: very small, no armour, no weapons or thrown items, stealth, claws 1, fangs 3,
see invisible, carnivore, speed 1, shaggy fur 1, slow metabolism 1, sharp paws
a: no special abilities


You were on level 2 of the Dungeon.
You were completely stuffed.

You visited 1 branch of the dungeon, and saw 2 of its levels.

You collected 59 gold pieces.

Inventory:

Missiles
 h - 21 stones
 i - 37 arrows
Scrolls
 d - a scroll of amnesia {unknown}
 e - a scroll of magic mapping {unknown}
 g - a scroll of fear {unknown}
 j - a scroll of remove curse {unknown}
 l - a scroll of random uselessness {unknown}
Potions
 a - a potion of invisibility {unknown}
 c - 3 potions of haste {unknown}
 f - 2 potions of lignification {unknown}
Comestibles
 b - 3 rations
 k - 4 chunks of flesh


   Skills:
 + Level 3.1 Dodging
 * Level 4.8 Stealth
 + Level 1.4 Unarmed Combat
 - Level 2.0 Spellcasting
 + Level 4.8 Hexes


You had 4 spell levels left.
You knew the following spells:

 Your Spells              Type           Power        Failure   Level  Hunger
a - Corona                Hex            ###....      3%          1    #......

Your spell library contained the following spells:

 Spells                   Type           Power        Failure   Level  Hunger
 Confuse                  Hex            ###.....     9%          3    ###....
 Tukima's Dance           Hex            ###.....     9%          3    ###....
 Ensorcelled Hibernation  Hex/Ice        #.....       12%         2    ###....
 Dazzling Spray           Conj/Hex       #.....       24%         3    ###....


Dungeon Overview and Level Annotations

Branches:
Dungeon (2/15)

Altars:


Innate Abilities, Weirdness & Mutations

You cannot wear armour.
You are incapable of wielding weapons or throwing items.
Your paws allow you to move quietly. (Stealth)
You have sharp claws.
You have razor-sharp teeth.
You have supernaturally acute eyesight. (SInv)
You are carnivorous and can eat meat at any time.
You cover ground quickly.
You are covered in fur. (AC +1)
You have a slow metabolism.
Your sharp claws are effective at attacking unaware monsters.


Message History

The adder misses you. x2
You completely miss the adder.
The adder is lightly wounded.
The adder bites you.
You barely miss the adder.
The adder is lightly wounded.
The adder bites you but does no damage.
You scratch the adder.
The adder is moderately wounded.
The adder closely misses you.
You scratch the adder.
The adder is heavily wounded.
The adder bites you. The adder barely misses you.
You scratch the adder.
The adder is heavily wounded.
The adder misses you.
You barely miss the adder.
The adder is heavily wounded.
The adder bites you.
You die...

######### #####
#....@S.# ....#
#.#####.# ###.#
######.#### #
###.# #.........#
....###.####.##.#
..#.....# #.# #
.#..##### #..
....# #### .####


You could see an adder.

Vanquished Creatures
  A dart slug (D:1)
  2 leopard geckos (D:1)
  3 bats (D:1)
  A giant cockroach (D:1)
  4 hobgoblins (D:1)
  A jackal (D:1)
  A frilled lizard (D:1)
  A goblin (D:1)
  5 kobolds (D:1)
  2 rats (D:1)
21 creatures vanquished.

Notes
Turn   | Place    | Note
-------+----------+-------------------------------------------
     0 | D:1      | Descartes the Felid Enchanter began the quest for the Orb.
     0 | D:1      | Reached XP level 1. HP: 7/7 MP: 4/4
   430 | D:1      | Reached XP level 2. HP: 11/11 MP: 6/6
  1421 | D:2      | Slain by an adder

Levels and vault maps discovered:
D:1:      co_arrival_square_in_a_square_in_a_square, layout_basic,
          minmay_misc_feat_more_columns, minmay_bisected
D:2:      layout_loops_cross, kennysheep_okawaru_gauntlet, old_standard_altar,
          minmay_distorted

Skill      XL: |  1  2 |
---------------+-------+-----
Dodging        | 3 |  3.1
Stealth        | |  4.8
Unarmed Combat | |  1.4
Spellcasting   | |  2.0
Hexes          | |  4.8

Action                   || total
-------------------------++-------
Melee: Unarmed           ||    72
       Bite              ||     3
 Stab: Sleeping          ||     6
  Eat: Chunk             ||     8
Armor: Skin              ||     3
Dodge: Dodged            ||    48
